 Dungeon Crawl Stone Soup version 0.31-a0-963-ga325b2283a (webtiles) character file.

Game seed: 4409248418856748389

59 croobank the Trooper (level 4, -5/33 HPs)
             Began as an Octopode Monk on Oct 24, 2023.
             Slain by a gnoll
             ... wielding a +0 flail
              (14 damage)
             ... on level 2 of the Dungeon.
             The game lasted 00:07:29 (860 turns).

croobank the Trooper (Octopode Monk)                 Turns: 860, Time: 00:07:29

Health: -5/33      AC:  1    Str: 10    XL:     4   Next: 3%
Magic:  4/4        EV: 14    Int: 14    God:
Gold:   59         SH:  0    Dex: 12    Spells: 3/3 levels left

rFire   . . .        d - +2 short sword (holy)
rCold   . . .        c - orb {light}
rNeg    . . .        (helmet restricted)
rPois   .            (no amulet)
rElec   .            (no ring)
rCorr   .            (no ring)
SInv    .            (no ring)
Will    .....        (no ring)
Stlth   +            (no ring)
HPRegen 0.25/turn    (no ring)
MPRegen 0.09/turn    (no ring)
                     (no ring)

%: no passive effects
@: glowing
A: almost no armour, amphibious, 8 rings, camouflage 1, gelatinous body 1,
(nimble swimmer 1), tentacles, tentacle spike 1, clumsy 1, subdued magic 1
a: no special abilities


You were on level 2 of the Dungeon.
You visited 1 branch of the dungeon, and saw 2 of its levels.

You collected 59 gold pieces.

Inventory:

Hand Weapons
 d - a +2 short sword of holy wrath (weapon)
Armour
 c - an orb of light (worn)
Potions
 b - a potion of ambrosia
 f - a potion of invisibility {unknown}


   Skills:
 + Level 3.7 Fighting
 + Level 3.6 Short Blades
 + Level 3.6 Dodging


You had 3 spell levels left.
You didn't know any spells.
Your spell library was empty.

Dungeon Overview and Level Annotations

Branches:
Dungeon (2/15)

Altars:


Innate Abilities, Weirdness & Mutations

You cannot wear most types of armour.
You are amphibious.
You can wear up to eight rings at the same time.
Your skin changes colour to match your surroundings (Stealth+).
Your rubbery body absorbs attacks. (AC +1, EV +1)
((You are camouflaged when in or above water. (Stealth+)))
You have tentacles for arms and can constrict up to eight enemies at once.
One of your tentacles bears a spike.
You are clumsy. (Dex -2)
Your spells are a little easier to cast, but a little less powerful.


Message History

Things that are here:
a +0 spear; a gnoll corpse A kobold comes into view.
It is wielding a +0 short sword. 2 gnolls come into view.
The kobold shouts!
The gnoll shouts!
You hear a shout!
The endoplasm quivers.
You hit the kobold. Your grab misses the kobold.
The kobold is severely wounded.
You hit the kobold.
You kill the kobold!
A gnoll comes into view. It is wielding a +0 spear.
The gnoll shouts!
The gnoll moves out of view.
The gnoll shouts!
You see here a +0 short sword.
The endoplasm closely misses you.
You hit the endoplasm but do no damage. The endoplasm barely misses you.
You hit the endoplasm but do no damage. The gnoll closely misses you.
The endoplasm closely misses you.
You hit the endoplasm. You squeeze the endoplasm.
The endoplasm is almost dead.
The gnoll hits you with a +0 flail. The endoplasm freezes you.
You are frozen.
You aren't carrying any scrolls.
Unknown command.
You hit the endoplasm.
You kill the endoplasm!
The gnoll misses you. The gnoll attacks as it pursues you!
The gnoll hits you with a +0 flail!
It was a potion of mutation.
You feel extremely strange.
You feel clumsy.
Your connection to magic feels subdued.
One of your lower tentacles grows a sharp spike.
The gnoll hits you from afar with a +0 spear.
The gnoll barely misses you. The gnoll misses you.
It was a potion of magic.
Magic courses through your body.
The gnoll hits you from afar with a +0 spear!
* * * LOW HITPOINT WARNING * * *
The gnoll hits you with a +0 flail!
You die...

........................
.............###.†......
.......................
............#......[.
..............#......
.....................
.[...................
...........g.##.....
........@g.........
........g..##.....
..........## ....
.........## ...
########## #


You could see 3 gnolls.

Vanquished Creatures
  A gnoll (D:2)
  An adder (D:2)
  A worm (D:2)
  7 ball pythons
  2 endoplasms
  2 giant cockroaches (D:1)
  3 goblins
  2 hobgoblins
  A quokka (D:1)
  6 bats
  3 frilled lizards
  5 kobolds
  3 rats (D:1)
37 creatures vanquished.

Notes
Turn   | Place    | Note
-------+----------+-------------------------------------------
     0 | D:1      | croobank the Octopode Monk began the quest for the Orb.
     0 | D:1      | Reached XP level 1. HP: 16/16 MP: 1/1
   128 | D:1      | Reached XP level 2. HP: 17/21 MP: 2/2
   405 | D:1      | Reached XP level 3. HP: 25/26 MP: 3/3
   774 | D:2      | Reached XP level 4. HP: 16/33 MP: 4/4
   859 | D:2      | Gained mutation: You are clumsy. (Dex -2) [potion of
                  | mutation]
   859 | D:2      | Gained mutation: Your spells are a little easier to cast,
                  | but a little less powerful. [potion of mutation]
   859 | D:2      | Gained mutation: One of your tentacles bears a spike.
                  | [potion of mutation]
   860 | D:2      | Slain by a gnoll

Illustrated notes

Levels and vault maps discovered:
D:1:      denvon_arrival_planthouse, layout_rooms, st_stairs_8
D:2:      layout_rooms, grunt_ministairs_6, minmay_indecisive_spiral

Action                     |  1- 3 |  4- 6 || total
---------------------------+-------+-------++-------
  Melee: Short sword       |    66 |     6 ||    72
         Constrict         |    19 |       ||    19
         Tentacles         |     8 |     1 ||     9
    Use: Potion            |       |     2 ||     2
 Armour: Skin              |    24 |     5 ||    29
  Dodge: Dodged            |    47 |     7 ||    54

Table legend: (Time is in decaauts)
 A = Elapsed time spent in this place.
 B = Non-inter-level travel time spent in this place.
 C = Inter-level travel time spent in this place.
 D = Time resting spent in this place.
 E = Time spent auto-exploring this place.
 F = Levels seen in this place.
 G = Mean time per level.
                   A        B        C        D        E       F      G
               +--------+--------+--------+--------+--------+-----+--------+
         Total |    847 |    812 |     35 |     67 |    521 |   2 |  423.5 |
       Dungeon |    847 |    812 |     35 |     67 |    521 |   2 |  423.5 |
               +--------+--------+--------+--------+--------+-----+--------+

Top non-repeatable levels by time:
     D:1: 612 daAuts
     D:2: 234 daAuts
